 Dungeon Sprint DCSS version 0.29-a0-824-gd827844252 (webtiles) character file.

Game seed: 6406809851245542841

32192 mhtbhm the Imperceptible (level 14, -4/110 HPs)
             Began as a Kobold Berserker on July 10, 2022.
             Was a High Priest of Trog.
             Slain by an orc warlord
             ... wielding a +0 long sword
              (38 damage)
             ... in the Dungeon (Sprint VII: "The Pits").
             The game lasted 00:13:25 (4327 turns).

mhtbhm the Imperceptible (Kobold Berserker)         Turns: 4327, Time: 00:13:27

Health: -4/110     AC:  8    Str: 21    XL:     14   Next: 1%
Magic:  14/14      EV: 28    Int: 14    God:    Trog [*****.]
Gold:   21         SH:  0    Dex: 15    Spells: 13/13 levels left

rFire   + . .      SeeInvis .   a - +4 quick blade (vorpal)
rCold   + . .      Faith    .   (no shield)
rNeg    . . .      Spirit   .   b - +2 robe {Will+}
rPois   .          Reflect  .   (no helmet)
rElec   .          Harm     .   (no cloak)
rCorr   .          Rampage  .   (no gloves)
Will    ++...      NoTele   +   o - +0 pair of boots
Stlth   ++++++++++              (no amulet)
HPRegen 0.28/turn               l - +3 ring of protection
MPRegen 0.14/turn               C - ring of Ulug {Drain rF+ rC+ Str+3 Int+5}

@: invisible (expiring)
A: small, no large weapons, nightstalker 3
a: Renounce Religion, Berserk, Trog's Hand, Brothers in Arms


You were in the Dungeon.
You worshipped Trog.
Trog was extremely pleased with you.
You visited 1 branch You collected 21 gold pieces.

Inventory:

Hand Weapons
 a - a +4 vorpal quick blade (weapon)
 F - the +4 rapier of Trog's Vengeance {vorpal, rPois Dex+5}
   (Trog gifted it to you in the Dungeon)

   It inflicts extra damage upon your enemies.
   Dex:       It affects your dexterity (+5).
   rPois:     It protects you from poison.
Missiles
 D - 8 boomerangs (quivered)
Armour
 b - a +2 robe of willpower (worn)
 o - a +0 pair of boots (worn)
 E - a +0 chain mail of cold resistance
Jewellery
 l - a +3 ring of protection (left hand)
 m - a +3 ring of protection
 r - a ring of willpower
 x - a ring of protection from fire
 C - the ring of Ulug (right hand) {Drain rF+ rC+ Str+3 Int+5}
   (You took it off a naga in the Dungeon)

   [ring of protection from cold]

   Str:       It affects your strength (+3).
   Int:       It affects your intelligence (+5).
   rF:        It protects you from fire.
   rC:        It protects you from cold.
   Drain:     It drains your maximum health when unequipped.
Wands
 k - a wand of digging (2)
 p - a wand of polymorph (8)
 s - a wand of flame (20)
Scrolls
 h - 3 scrolls of blinking
 j - a scroll of summoning
 t - a scroll of immolation
 u - a scroll of fear
 v - 6 scrolls of enchant armour
 w - 2 scrolls of identify
 y - a scroll of brand weapon
Potions
 c - 8 potions of curing
 d - 10 potions of heal wounds
 e - 3 potions of haste
 f - 4 potions of magic
 g - 4 potions of berserk rage
 i - a potion of invisibility
 n - 3 potions of might
 q - 2 potions of flight
Miscellaneous
 z - a tin of tremorstones (2/2)
 A - a lightning rod (4/4)
 B - a phantom mirror (inert)


   Skills:
 + Level 21.5 Fighting
 + Level 22.1 Short Blades
 + Level 4.5 Armour
 + Level 22.0 Dodging
 + Level 24.4 Stealth
 + Level 4.5 Evocations


You had 13 spell levels left.
You didn't know any spells.
Your spell library was empty.

Dungeon Overview and Level Annotations

Branches:
Dungeon (1/1)

Altars:
Gozag
Hepliaklqana
Sif Muna
Trog
Jiyva


Innate Abilities, Weirdness & Mutations

You are small and have problems with some larger weapons.
You are completely attuned to the shadows.


Message History

Your death cob hits the orc knight but does no damage.
Your death cob barely misses the orc knight.
Something hits your death cob!
Your troll bites the orc warlord.
Your troll barely misses the orc warlord.
Your troll claws the orc warlord but does no damage.
The orc knight completely misses you. x2
The orc knight roars a battlecry!
The orc warlord hits your troll with a +0 long sword!!
Your deep troll bites the orc warlord!!
Your deep troll misses the orc warlord.
Your deep troll closely misses the orc warlord.
Your cyclops hits the orc knight!
Unknown command.
Unknown command.
Unknown command.
Unknown command.
Aiming: Thunderbolt
Press: ? - help, Shift-Dir - straight line, p - death cob
Okay, then.
You strike the helpless orc warlord from behind!
You spit the orc warlord like a pig!!!
The orc warlord is severely wounded.
Your death cob hits the orc knight but does no damage.
Something hits your death cob!!
Unknown command.
Unknown command.
Unknown command.
You catch the helpless death cob completely off-guard!
You perforate the death cob like a sieve!!!
The death cob is almost destroyed.
Your troll bites the orc warlord.
Your troll claws the orc warlord!
Your troll barely misses the orc warlord.
Your death cob hits the orc knight but does no damage.
The death cob completely misses you.
You miss the death cob.
The death cob is almost destroyed.
The orc knight closely misses you.
The orc knight hits you with a +0 war axe!!!
The orc knight closely misses your death cob.
The orc warlord hits you with a +0 long sword!!!
You die...

.##############''##############..
.# #......# #.. .# #......# #.†
.# #....z.# #.. .# .###..###. #..
.# .zc....... #.. .# .co..TT...
#.. .# ###Czo)## #.. .# #.o@)#
#.. .# ##oo## #.. ## ####
############# ##....#.!#..#
#.#.#.#..#..# ......#!.#).#
#.#.#.#..#..# ......##'##'#


You could see an orc warlord (strong, unable to see you, ally target), a death
cob (unable to see you, ally target), 4 orc knights, 2 yaktaurs, a friendly
death cob (summoned, drained), a friendly deep troll (summoned, berserk, slow),
a friendly cyclops (summoned, berserk) and a friendly troll (summoned, berserk).

Vanquished Creatures
  A titan (D)
  An orc warlord (D)
  Nessos (D)
  A boulder beetle (D)
  2 two-headed ogres (D)
  4 death yaks (D)
  Erica (D)
  An orc high priest (D)
  A sea snake (D)
  A deep troll (D)
  A spriggan druid (D)
  5 orc knights (D)
  2 deep elf pyromancers (D)
  An orc sorcerer (D)
  A deep elf zephyrmancer (D)
  A cyclops (D)
  An elephant (D)
  A guardian serpent (D)
  A rust devil (D)
  A merfolk siren (D)
  An eye of devastation (D)
  2 cane toads (D)
  An unseen horror (D)
  An orange demon (D)
  A komodo dragon (D)
  2 efreet (D)
  A rime drake (D)
  3 ice devils (D)
  A tyrant leech (D)
  2 merfolk (D)
  2 polar bears (D)
  A wind drake (D)
  4 dream sheep (D)
  An air elemental (D)
  Sigmund (D)
  2 shadows (D)
  A vampire (D)
  A basilisk (D)
  A fire elemental (D)
  A naga (D)
  A warg (D)
  A water moccasin (D)
  An acid dragon (D)
  3 hell hounds (D)
  A swamp drake (D)
  An ogre (D)
  6 orc warriors (D)
  A wolf (D)
  3 centaurs (D)
  2 bullfrogs (D)
  A necrophage (D)
  A scorpion (D)
  A small abomination (D)
  3 crimson imps (D)
  A quasit (D)
  A jelly (D)
  A hound (D)
  2 orc priests (D)
  Ijyb (D)
  2 orc wizards (D)
  A gnoll (D)
  An adder (D)
  An adder skeleton (D)
  9 orcs (D)
  A bat skeleton (D)
  2 giant cockroaches (D)
  A hobgoblin (D)
  2 jackals (D)
  A bat (D)
  A frilled lizard (D)
  A giant cockroach zombie (D)
  A quokka simulacrum (D)
  2 rats (D)
117 creatures vanquished.

Vanquished Creatures (collateral kills)
  A deep elf demonologist (D)
  A merfolk javelineer (D)
  A mummy priest (D)
  A great orb of eyes (D)
  A hydra (D)
  An ogre mage (D)
  An ice dragon (D)
  A two-headed ogre (D)
  A necromancer (D)
  2 orc knights (D)
  A naga mage (D)
  An eye of devastation (D)
  An orange demon (D)
  A hellwing (D)
  2 merfolk (D)
  3 nagas (D)
  2 orc warriors (D)
  3 ogres (D)
  A quasit (D)
  An ufetubus (D)
  An adder simulacrum (D)
  An orc (D)
  A ball python zombie (D)
  A bat simulacrum (D)
31 creatures vanquished.

Grand Total: 148 creatures vanquished

Notes
Turn   | Place    | Note
-------+----------+-------------------------------------------
     0 | D        | mhtbhm the Kobold Berserker began the quest for the Orb.
     0 | D        | Reached XP level 1. HP: 14/14 MP: 1/1
    52 | D        | Reached ** piety under Trog
   112 | D        | Reached skill level 5 in Short Blades
   112 | D        | Reached XP level 2. HP: 19/20 MP: 2/2
   120 | D        | Noticed a scorpion
   121 | D        | Noticed Ijyb
   134 | D        | Killed a scorpion
   135 | D        | Reached XP level 3. HP: 13/27 MP: 3/3
   135 | D        | Reached XP level 4. HP: 16/32 MP: 4/4
   136 | D        | Reached *** piety under Trog
   145 | D        | Killed Ijyb
   150 | D        | Reached XP level 5. HP: 4/37 MP: 5/5
   450 | D        | Noticed an ogre
   451 | D        | Noticed a bullfrog
   453 | D        | Reached skill level 1 in Stealth
   458 | D        | Killed a bullfrog
   459 | D        | Reached skill level 5 in Dodging
   459 | D        | Reached skill level 2 in Stealth
   459 | D        | Reached XP level 6. HP: 44/44 MP: 6/6
   461 | D        | Reached **** piety under Trog
   462 | D        | Reached skill level 10 in Short Blades
   467 | D        | Killed an ogre
   468 | D        | Reached skill level 3 in Stealth
   475 | D        | Reached ***** piety under Trog
   526 | D        | Noticed Sigmund
   528 | D        | Killed Sigmund
   529 | D        | Reached skill level 10 in Fighting
   529 | D        | Reached skill level 4 in Stealth
   529 | D        | Reached XP level 7. HP: 53/53 MP: 7/7
   530 | D        | Noticed a boulder beetle
   798 | D        | Reached skill level 5 in Stealth
   815 | D        | Noticed a dream sheep
   815 | D        | Noticed a dream sheep
   815 | D        | Noticed a dream sheep
   827 | D        | Noticed a dream sheep
   833 | D        | Killed an unseen horror
   834 | D        | Reached skill level 6 in Stealth
   834 | D        | Reached XP level 8. HP: 36/60 MP: 8/8
   839 | D        | Killed a dream sheep
   840 | D        | Reached skill level 7 in Stealth
   847 | D        | Killed a dream sheep
   858 | D        | Killed a dream sheep
   859 | D        | Reached skill level 8 in Stealth
   859 | D        | Reached XP level 9. HP: 39/67 MP: 9/9
   861 | D        | Received a gift from Trog
  1167 | D        | Found a bloodstained altar of Trog.
  1167 | D        | Found a shimmering blue altar of Sif Muna.
  1167 | D        | Found a viscous altar of Jiyva.
  1167 | D        | Found a hazy altar of Hepliaklqana.
  1167 | D        | Found an opulent altar of Gozag.
  1218 | D        | Noticed an elephant
  1243 | D        | Killed an elephant
  1244 | D        | Reached skill level 15 in Short Blades
  1244 | D        | Reached skill level 10 in Dodging
  1244 | D        | Reached skill level 9 in Stealth
  1371 | D        | Noticed an efreet
  1371 | D        | Noticed an ice devil
  1374 | D        | Killed an ice devil
  1374 | D        | Reached ****** piety under Trog
  1375 | D        | Reached skill level 10 in Stealth
  1375 | D        | Noticed a tyrant leech
  1381 | D        | Killed an efreet
  1381 | D        | Received a gift from Trog
  1386 | D        | Reached XP level 10. HP: 74/75 MP: 10/10
  1394 | D        | Reached skill level 11 in Stealth
  1571 | D        | Noticed a deep troll
  1579 | D        | Noticed a cane toad
  1585 | D        | Killed a deep troll
  1586 | D        | Reached skill level 12 in Stealth
  1594 | D        | Killed a cane toad
  1597 | D        | Received a gift from Trog
  1951 | D        | Noticed an efreet
  1951 | D        | Noticed a deep elf zephyrmancer
  1951 | D        | Noticed a cane toad
  1957 | D        | Killed an efreet
  1958 | D        | Reached skill level 15 in Fighting
  1965 | D        | Killed a deep elf zephyrmancer
  1971 | D        | Killed a cane toad
  1972 | D        | Reached skill level 13 in Stealth
  2116 | D        | Noticed an orange demon
  2123 | D        | Killed an orange demon
  2123 | D        | Received a gift from Trog
  2126 | D        | Noticed an orc sorcerer
  2126 | D        | Noticed a deep elf pyromancer
  2127 | D        | Noticed a cyclops
  2135 | D        | Reached XP level 11. HP: 82/82 MP: 11/11
  2140 | D        | Killed a deep elf pyromancer
  2141 | D        | Reached skill level 15 in Dodging
  2157 | D        | Killed an orc sorcerer
  2162 | D        | Killed a cyclops
  2325 | D        | Noticed a merfolk siren
  2325 | D        | Noticed a two-headed ogre
  2334 | D        | Killed a two-headed ogre
  2334 | D        | Received a gift from Trog
  2338 | D        | Killed a merfolk siren
  2339 | D        | Reached skill level 14 in Stealth
  2530 | D        | Killed a boulder beetle
  2642 | D        | Noticed a deep elf pyromancer
  2650 | D        | Noticed Erica
  2658 | D        | Killed a deep elf pyromancer
  2658 | D        | Received a gift from Trog
  2659 | D        | Noticed a spriggan druid
  2681 | D        | Killed a spriggan druid
  2688 | D        | Received a gift from Trog
  2690 | D        | Killed Erica
  2710 | D        | Reached XP level 12. HP: 45/92 MP: 12/12
  2729 | D        | Received a gift from Trog
  2941 | D        | Noticed an orc high priest
  2958 | D        | Killed an orc high priest
  2959 | D        | Reached skill level 15 in Stealth
  3044 | D        | Noticed a death yak
  3044 | D        | Noticed a death yak
  3044 | D        | Noticed a death yak
  3044 | D        | Noticed a sea snake
  3044 | D        | Noticed a death yak
  3054 | D        | Killed a death yak
  3064 | D        | Killed a death yak
  3075 | D        | Killed a death yak
  3075 | D        | Received a gift from Trog
  3085 | D        | Killed a sea snake
  3096 | D        | Killed a death yak
  3097 | D        | Reached skill level 16 in Stealth
  3261 | D        | Noticed a two-headed ogre
  3266 | D        | Killed a two-headed ogre
  3299 | D        | Received a gift from Trog
  3488 | D        | Noticed Nessos
  3488 | D        | Noticed a merfolk javelineer
  3488 | D        | Noticed a deep elf demonologist
  3488 | D        | Noticed an ice dragon
  3490 | D        | Killed Nessos
  3491 | D        | Reached skill level 17 in Stealth
  3494 | D        | Noticed a green death
  3503 | D        | Killed a deep elf demonologist
  3513 | D        | Reached skill level 18 in Stealth
  3514 | D        | Killed a merfolk javelineer
  3515 | D        | Reached XP level 13. HP: 36/101 MP: 13/13
  3520 | D        | Received a gift from Trog
  3523 | D        | Killed an ice dragon
  3524 | D        | Reached skill level 19 in Stealth
  3857 | D        | Noticed a mummy priest
  3872 | D        | Identified the +4 rapier of Trog's Vengeance {vorpal, rPois
                  | Dex+5} (Trog gifted it to you in the Dungeon)
  3872 | D        | Received a gift from Trog
  3877 | D        | Killed a mummy priest
  3877 | D        | Identified the ring of Ulug {Drain rF+ rC+ Str+3 Int+5}
  3878 | D        | Reached skill level 20 in Stealth
  3883 | D        | Noticed an ogre mage
  3885 | D        | Reached skill level 1 in Evocations
  3888 | D        | Killed an ogre mage
  3890 | D        | Reached skill level 21 in Stealth
  3891 | D        | Received a gift from Trog
  3901 | D        | Noticed a titan
  3923 | D        | Noticed a great orb of eyes
  3925 | D        | Killed a titan
  3934 | D        | Reached skill level 22 in Stealth
  3939 | D        | Killed a great orb of eyes
  3940 | D        | Received a gift from Trog
  3947 | D        | Noticed an eight-headed hydra
  3948 | D        | Killed an eight-headed hydra
  3950 | D        | Reached skill level 23 in Stealth
  3960 | D        | Received a gift from Trog
  4012 | D        | Identified the +7 mace of Paimoybb {speed, Dex+7}
  4308 | D        | Noticed an orc warlord
  4308 | D        | Noticed an orc warlord
  4313 | D        | Noticed a death cob
  4315 | D        | Killed an orc warlord
  4315 | D        | Received a gift from Trog
  4316 | D        | Reached skill level 24 in Stealth
  4318 | D        | Reached XP level 14. HP: 110/110 MP: 14/14
  4327 | D        | Slain by an orc warlord

Illustrated notes

Levels and vault maps discovered:
D:        pitsprint [storerooms_1, entrance_room_1, metal_vault_1, armoury_1,
          mini_pit_1, grid_room_1, main_hall_1, silver_pit, the_coven_1,
          the_vestibule_1, steel_vault_2, golden_pit, hallway_of_sentries,
          crystal_vault_1, iron_vault_2, final_vault]

Skill      XL: |  1  2  3  4  5  6  7  8  9 10 11 12 13 |
---------------+----------------------------------------+-----
Fighting       | 4 6 8 10 11 12 14 15 17 19 21 | 21.5
Short Blades   | 5 7 8 9 12 13 14 15 17 18 20 22 | 22.1
Armour         | 2 3 4 |  4.5
Dodging        | 4 5 7 8 9 12 14 18 20 22 | 22.0
Stealth        | 2 4 6 8 10 13 14 18 24 | 24.4
Evocations     | 4 |  4.5

Action                   |  1- 3 |  4- 6 |  7- 9 | 10-12 | 13-15 || total
-------------------------+-------+-------+-------+-------+-------++-------
Melee: Dagger            |    21 |    35 |    96 |       |       ||   152
       Short sword       |     1 |       |       |       |       ||     1
       Rapier            |       |       |    38 |    43 |       ||    81
       Quick blade       |       |       |       |   301 |    75 ||   376
       Punch             |       |       |       |     6 |     1 ||     7
Invok: Berserk           |     1 |     1 |     4 |     9 |     1 ||    16
       Brothers in Arms  |       |       |       |     4 |     6 ||    10
Evoke: Lightning rod     |       |       |       |       |     9 ||     9
       Wand              |       |       |       |       |     1 ||     1
       Phantom mirror    |       |       |       |       |     1 ||     1
  Use: Potion            |       |       |     1 |     3 |     4 ||     8
       Scroll            |       |       |       |       |     2 ||     2
 Stab: Sleeping          |     1 |     2 |     4 |     8 |    11 ||    26
       Invisible         |       |       |       |       |     2 ||     2
Armor: Animal skin       |     1 |     1 |    29 |     7 |       ||    38
       Robe              |       |       |       |    10 |     1 ||    11
Dodge: Dodged            |    18 |    10 |    92 |   141 |    41 ||   302

Table legend: (Time is in decaauts)
 A = Elapsed time spent in this place.
 B = Non-inter-level travel time spent in this place.
 C = Inter-level travel time spent in this place.
 D = Time resting spent in this place.
 E = Time spent auto-exploring this place.
 F = Levels seen in this place.
 G = Mean time per level.
                   A        B        C        D        E       F      G
               +--------+--------+--------+--------+--------+-----+--------+
         Total |   4068 |   4068 |      0 |   2605 |      0 |   1 | 4068.0 |
       Dungeon |   4068 |   4068 |      0 |   2605 |      0 |   1 | 4068.0 |
               +--------+--------+--------+--------+--------+-----+--------+

Top non-repeatable levels by time:
       D: 4068 daAuts
